 Seeded DCSS version 0.31-a0-818-ge7c7cf74f0 (webtiles) character file.

Game seed: 6378251012990392933 (custom seed)

224 Hubris850 the Shooter (level 5, -9/46 HPs)
             Began as a Minotaur Hunter on Sept 22, 2023.
             Killed by an exploding water moccasin (21 damage)
             ... ignited by their inner flame
             ... on level 5 of the Dungeon.
             The game lasted 00:04:16 (1568 turns).

Hubris850 the Shooter (Minotaur Hunter)             Turns: 1568, Time: 00:04:16

Health: -9/46      AC:  4    Str: 16    XL:     5   Next: 67%
Magic:  4/4        EV: 13    Int:  6    God:
Gold:   67         SH:  0    Dex: 15    Spells: 4/4 levels left

rFire   . . .        a - +0 shortbow
rCold   . . .        (shield currently unavailable)
rNeg    . . .        c - +1 leather armour
rPois   .            (helmet restricted)
rElec   .            (no cloak)
rCorr   .            (no gloves)
SInv    .            (no boots)
Will    .....        (no amulet)
Stlth   +            (no ring)
HPRegen 0.27/turn    (no ring)
MPRegen 0.09/turn

%: no passive effects
@: hasted, very quick
A: horns 2, retaliatory headbutt
a: no special abilities


You were on level 5 of the Dungeon.
You visited 1 branch of the dungeon, and saw 5 of its levels.

You collected 67 gold pieces.

Inventory:

Hand Weapons
 a - a +0 shortbow (weapon)
 d - a +0 quarterstaff
 m - a +0 long sword
Armour
 c - a +1 leather armour (worn)
Talismans
 e - a flux talisman
Scrolls
 l - a scroll of silence {unknown}


   Skills:
 - Level 4.0 Fighting
 + Level 6.5 Ranged Weapons
 - Level 3.5 Dodging
 - Level 0.7 Stealth


You had 4 spell levels left.
You didn't know any spells.
Your spell library contained the following spells:

 Spells                   Type           Power      Damage    Failure   Level
 Magic Dart               Conj           0%         1d3       52%         1
 Necrotise                Necr           0%         1d4       52%         1
 Call Imp                 Summ           0%         N/A       67%         2
 Mephitic Cloud           Conj/Pois/Air  0%         N/A       88%         3
 Vampiric Draining        Necr           0%         2d6       88%         3
 Agony                    Necr           0%         N/A       100%        5


Dungeon Overview and Level Annotations

Branches:
Dungeon (6/15)
 Temple: D:4-7

Altars:


Innate Abilities, Weirdness & Mutations

You have a pair of horns on your head.
You reflexively headbutt those who attack you in melee.


Message History

The water moccasin closely misses you. The water moccasin barely misses you.
You furiously retaliate!
You headbutt the water moccasin.
You feel yourself speed up. The water moccasin barely misses you.
The water moccasin attacks as it pursues you!
The water moccasin barely misses you. You furiously retaliate!
You headbutt the water moccasin, but do no damage.
Found a leather armour.
A scorpion comes into view.
Found a lumpy yellow potion.
The water moccasin attacks as it pursues you!
The water moccasin bites you but does no damage.
The water moccasin attacks as it pursues you!
The water moccasin barely misses you.
Found a potion of curing.
You see here a +0 mace.
Found a long sword and a human corpse.
As you read the scroll labelled WENIONEMYI, it crumbles to dust.
The creatures around you are filled with an inner flame!
It was a scroll of immolation.
Fire: a) +0 shortbow
Press: ? - help, Q - select action Shift-Dir - straight line, f - water moccasin
Aim: a water moccasin (heavily wounded, inner flame, 48% to hit)
You shoot an arrow. The arrow misses the water moccasin.
The arrow hits the hound!
Flame seeps out of the hound.
The hound is heavily wounded.
The hound is engulfed in blazing flames.
Flame seeps out of the hound.
The water moccasin barely misses you. The hound bites you but does no damage.
Fire: a) +0 shortbow
Press: ? - help, Q - select action Shift-Dir - straight line, f/p - water moccasin
Aim: a water moccasin (heavily wounded, inner flame, 48% to hit)
You shoot an arrow. The arrow hits the water moccasin!
Flame seeps out of the water moccasin.
The water moccasin is severely wounded.
The water moccasin is engulfed in blazing flames.
The water moccasin explodes!
The fiery explosion engulfs the hound!!!
The fiery explosion engulfs you!!
You die...

#........# ....
#####.....##.#
..# ....###...#
... .#
#.......s## ...
.
###.......##...
.##............
......§○§(.....
.......○.......
......§@....[..
.........!.....
...............
............#..
......!....##..
#....##...##
#..#. †)...
...#. ......


You could see a scorpion (inner flame).

Vanquished Creatures
  A water moccasin (D:5)
  A water moccasin zombie (D:6)
  A centaur zombie (D:6)
  2 hounds (D:5)
  A killer bee zombie (D:6)
  5 adders (D:2)
  An ufetubus (D:3)
  2 worms
  7 bats
  2 endoplasms
  3 giant cockroaches (D:2)
  A hobgoblin (D:2)
  4 jackals (D:1)
  2 quokkas
  4 ball pythons
  3 kobolds
  6 rats
46 creatures vanquished.

Notes
Turn   | Place    | Note
-------+----------+-------------------------------------------
     0 | D:1      | Hubris850 the Minotaur Hunter began the quest for the Orb.
     0 | D:1      | Reached XP level 1. HP: 18/18 MP: 0/0
   308 | D:1      | Found a faded altar of an unknown god.
   396 | D:1      | Reached XP level 2. HP: 25/25 MP: 1/1
   765 | D:2      | Reached XP level 3. HP: 31/31 MP: 2/2
   996 | D:2      | Reached skill level 5 in Ranged Weapons
  1011 | D:2      | Reached XP level 4. HP: 40/40 MP: 3/3
  1311 | D:3      | You fall into a shaft and drop 2 floors!
  1311 | D:5      | Entered Level 5 of the Dungeon
  1406 | D:5      | Noticed a water moccasin
  1431 | D:6      | Reached XP level 5. HP: 28/46 MP: 4/4
  1444 | D:6      | Reached skill level 6 in Ranged Weapons
  1508 | D:6      | Noticed a water moccasin
  1568 | D:5      | Killed a water moccasin
  1568 | D:5      | Killed by an exploding water moccasin... ignited by their
                  | inner flame

Illustrated notes

Levels and vault maps discovered:
D:1:      heliophobic_arrival_ceremonial_halls, layout_loops_ring,
          dreamdust_ecumenical_altar_grove, hex_tiny,
          dreamdust_mushroom_princess, minmay_fountain_box,
          hangedman_feature_mirror
D:2:      layout_basic
D:3:      layout_basic, serial_shops, nicolae_shop_statue_plus,
          nicolae_shop_scrapyard, shop, grunt_decor_clamped
D:5:      layout_cave_pools, tgw_sif, serial_shops, nicolae_shop_rolled_up,
          shop, nicolae_shop_bloodbath_and_beyond, nicolae_shop_tiny_waterfront,
          grunt_ministairs_4, uniq_edmund, uniq_blork_the_orc
D:6:      layout_cave_pools, cheibriados_altar_1, nicolae_tso_carved_into_rock,
          nicolae_yredelemnul_corpse_copse, nzn_wu_jian_contemplation,
          amcnicky_altar_gilded

Skill      XL: |  1  2  3  4  5 |
---------------+----------------+-----
Fighting       | 3 4 |  4.0
Dodging        | 3 |  3.5
Ranged Weapons | 5 6 |  6.5
Stealth        | |  0.7

Action                     |  1- 3 |  4- 6 || total
---------------------------+-------+-------++-------
   Fire: Shortbow          |    92 |    67 ||   159
    Use: Scroll            |       |     5 ||     5
         Potion            |       |     3 ||     3
 Armour: Leather armour    |    15 |    54 ||    69
  Dodge: Dodged            |    17 |    54 ||    71

Table legend: (Time is in decaauts)
 A = Elapsed time spent in this place.
 B = Non-inter-level travel time spent in this place.
 C = Inter-level travel time spent in this place.
 D = Time resting spent in this place.
 E = Time spent auto-exploring this place.
 F = Levels seen in this place.
 G = Mean time per level.
                   A        B        C        D        E       F      G
               +--------+--------+--------+--------+--------+-----+--------+
         Total |   1592 |   1572 |     20 |    167 |   1096 |   5 |  318.4 |
       Dungeon |   1592 |   1572 |     20 |    167 |   1096 |   5 |  318.4 |
               +--------+--------+--------+--------+--------+-----+--------+

Top non-repeatable levels by time:
     D:1: 628 daAuts
     D:2: 550 daAuts
     D:3: 154 daAuts
     D:6: 135 daAuts
     D:5: 124 daAuts
